[Event "FIDE WSTC Open 65 2025"]
[Site "Prague"]
[Date "2025.02.18"]
[Round "2.36"]
[White "Papay, Jindrich"]
[Black "Hohler, Peter"]
[Result "1/2-1/2"]
[Annotator "NA"]
[ECO "A03"]
[WhiteElo "1937"]
[BlackElo "2045"]
[PlyCount "70"]
[EventDate "2025.02.17"]
[EventType "team-tourn"]
[EventCountry "CZE"]
[SourceTitle "playchess.com"]
[Source "ChessBase"]
[SourceQuality "1"]
[TimeControl "40/5400+30:1800+30"]

1. f4 d5 2. Nf3 g6 3. g3 Bg7 4. Bg2 c5 5. c3 Nc6 6. O-O Nf6 7. d3 O-O 8. Qc2 d4 9. e4 dxe3 10. Bxe3 Bf5 11. Rd1 c4 12. Ne1 Ng4 13. Qe2 Nxe3 14. Qxe3 cxd3 15. Bxc6 bxc6 16. Nxd3 Qb6 17. Qxb6 axb6 18. Ne5 Bxe5 19. fxe5 Ra5 20. Nd2 Be6 21. Nb3 Bxb3 22. axb3 Rfa8 23. Rxa5 Rxa5 24. Re1 Kf8 25. Kf2 Ke8 26. c4 Kd7 27. e6+ fxe6 28. Rd1+ Ke8 29. Ke3 Ra2 30. Rd2 Ra8 31. Ke4 Ra5 32. Kd4 Rf5 33. Ke4 Ra5 34. Kd4 Rf5 35. Ke4 Ra5 1/2-1/2

[Event "FIDE WSTC Open 65 2025"]
[Site "Prague"]
[Date "2025.02.18"]
[Round "2.37"]
[White "Jurek, Josef"]
[Black "Pribyl, Josef"]
[Result "1/2-1/2"]
[Annotator "ChessBase"]
[ECO "D36"]
[WhiteElo "2160"]
[BlackElo "2184"]
[PlyCount "27"]
[EventDate "2025.02.17"]
[EventType "team-tourn"]
[EventCountry "CZE"]
[SourceTitle "playchess.com"]
[Source "ChessBase"]
[SourceQuality "1"]
[TimeControl "40/5400+30:1800+30"]

1. d4 Nf6 2. c4 e6 3. Nc3 d5 4. cxd5 exd5 5. Bg5 Be7 6. e3 h6 7. Bh4 c6 8. Qc2 Nbd7 9. Bd3 O-O 10. Nge2 Re8 11. O-O Ne4 12. Bg3 Nxg3 13. Nxg3 Nf6 14. Rab1 1/2-1/2

[Event "FIDE WSTC Open 65 2025"]
[Site "Prague"]
[Date "2025.02.18"]
[Round "2.38"]
[White "Babula, Milan"]
[Black "Netusil, Miloslav"]
[Result "1/2-1/2"]
[Annotator "ChessBase"]
[ECO "C10"]
[WhiteElo "2077"]
[BlackElo "2121"]
[PlyCount "95"]
[EventDate "2025.02.17"]
[EventType "team-tourn"]
[EventCountry "CZE"]
[SourceTitle "playchess.com"]
[Source "ChessBase"]
[SourceQuality "1"]
[TimeControl "40/5400+30:1800+30"]

1. e4 e6 2. d4 d5 3. Nc3 dxe4 4. Nxe4 Bd7 5. Nf3 Bc6 6. Bd3 Nd7 7. O-O Ngf6 8. Qe2 Nxe4 9. Bxe4 Bxe4 10. Qxe4 c6 11. Bf4 Be7 12. c4 O-O 13. Rad1 Qa5 14. Qc2 Rac8 15. b3 Rfe8 16. Rfe1 Bf6 17. Re3 c5 18. d5 exd5 19. cxd5 Rxe3 20. fxe3 c4 21. bxc4 g6 22. Qb3 Nc5 23. Qb5 Qxa2 24. d6 Qc2 25. Rf1 b6 26. Be5 Qf5 27. Bd4 Qe6 28. Qb2 Nd7 29. Bxf6 Nxf6 30. Qe5 Nd7 31. Qxe6 fxe6 32. Ng5 Rxc4 33. Rf7 h6 34. Rxd7 Rc1+ 35. Kf2 hxg5 36. Rxa7 Rd1 37. d7 Kf8 38. Rb7 Ke7 39. d8=Q+ Kxd8 40. Rxb6 Ke7 41. h3 Kf6 42. Rb2 Ra1 43. Kg3 Ra3 44. Rf2+ Kg7 45. Kf3 Ra4 46. Rd2 Kf6 47. Rd4 Ra3 48. Ke4 1/2-1/2

[Event "FIDE WSTC Open 65 2025"]
[Site "Prague"]
[Date "2025.02.18"]
[Round "2.39"]
[White "Groh, Jiri"]
[Black "Vrana, Frantisek"]
[Result "0-1"]
[Annotator "NA"]
[ECO "E67"]
[WhiteElo "1989"]
[BlackElo "2115"]
[PlyCount "36"]
[EventDate "2025.02.17"]
[EventType "team-tourn"]
[EventCountry "CZE"]
[SourceTitle "playchess.com"]
[Source "ChessBase"]
[SourceQuality "1"]
[TimeControl "40/5400+30:1800+30"]

1. Nf3 Nf6 2. c4 d6 3. g3 g6 4. Bg2 Bg7 5. O-O O-O 6. Nc3 e5 7. d4 Nbd7 8. b3 a5 9. Bb2 c6 10. dxe5 dxe5 11. Qd2 Re8 12. e3 Qc7 13. Rac1 Nc5 14. Rcd1 Bf5 15. Qd6 Qb6 16. Nd5 Nxd5 17. Rxd5 Ne4 18. Rb5 Qxb5 0-1

[Event "FIDE WSTC Open 65 2025"]
[Site "Prague"]
[Date "2025.02.18"]
[Round "2.40"]
[White "Cesal, Jaroslav"]
[Black "Slechta, Karel"]
[Result "1-0"]
[Annotator "NA"]
[ECO "D20"]
[WhiteElo "2049"]
[BlackElo "1874"]
[PlyCount "101"]
[EventDate "2025.02.17"]
[EventType "team-tourn"]
[EventCountry "CZE"]
[SourceTitle "playchess.com"]
[Source "ChessBase"]
[SourceQuality "1"]
[TimeControl "40/5400+30:1800+30"]

1. d4 d5 2. c4 dxc4 3. Nc3 e5 4. d5 c6 5. e4 Nf6 6. Nf3 Bd6 7. Bxc4 h6 8. O-O O-O 9. h3 b5 10. Bb3 b4 11. Na4 c5 12. Qc2 Ba6 13. Bc4 Qa5 14. Bxa6 Nxa6 15. b3 Nd7 16. Nb2 Nc7 17. Nc4 Qa6 18. Bb2 Nb5 19. Nfxe5 Nxe5 20. Nxe5 Rfe8 21. Nc4 Bc7 22. Rfe1 Qg6 23. Rad1 Rad8 24. Qd3 a6 25. e5 Qxd3 26. Rxd3 Nd4 27. Rxd4 cxd4 28. d6 Bxd6 29. Bxd4 Bc7 30. Bc5 a5 31. f4 Rd5 32. Bf2 g6 33. Re2 Kg7 34. Rc2 g5 35. g3 gxf4 36. gxf4 Rd7 37. Ne3 Ra8 38. Rc6 a4 39. Nf5+ Kf8 40. Rxh6 Kg8 41. Bh4 Bd8 42. Bf6 Bxf6 43. exf6 axb3 44. axb3 Re8 45. Rh5 Rd1+ 46. Kf2 Rd2+ 47. Kg3 Rde2 48. Kf3 R2e6 49. Ne7+ R8xe7 50. fxe7 Rxe7 51. Rb5 1-0

[Event "FIDE WSTC Open 65 2025"]
[Site "Prague"]
[Date "2025.02.18"]
[Round "2.41"]
[White "Heinig, Wolfram"]
[Black "Chubar, Vladimir"]
[Result "1-0"]
[Annotator "ChessBase"]
[ECO "A41"]
[WhiteElo "2204"]
[BlackElo "1885"]
[PlyCount "75"]
[EventDate "2025.02.17"]
[EventType "team-tourn"]
[EventCountry "CZE"]
[SourceTitle "playchess.com"]
[Source "ChessBase"]
[SourceQuality "1"]
[TimeControl "40/5400+30:1800+30"]

1. d4 d6 2. Nf3 Bg4 3. Nbd2 c6 4. h3 Bxf3 5. Nxf3 Nf6 6. c3 g6 7. Qc2 Bg7 8. e4 Nbd7 9. Bd3 O-O 10. O-O e5 11. Re1 Qc7 12. a4 Rfe8 13. a5 a6 14. Be3 c5 15. dxe5 Nxe5 16. Nxe5 dxe5 17. Bc4 h6 18. f3 Nh5 19. Red1 Rad8 20. Rxd8 Rxd8 21. Bd5 Nf4 22. c4 Ne6 23. Bxe6 fxe6 24. b4 cxb4 25. Bb6 Qd7 26. Rb1 Bf8 27. Bxd8 Qxd8 28. Qa4 Bc5+ 29. Kh1 Qe7 30. Rd1 Bd4 31. f4 Bc5 32. fxe5 Qf7 33. Qd7 Qf2 34. Qxe6+ Kg7 35. Rd7+ Kh8 36. Qe8+ Bf8 37. Rf7 Qe1+ 38. Kh2 1-0

[Event "FIDE WSTC Open 65 2025"]
[Site "Prague"]
[Date "2025.02.18"]
[Round "2.42"]
[White "Dovzhenko, Viktor"]
[Black "Volkmer, Andreas"]
[Result "0-1"]
[Annotator "ChessBase"]
[ECO "A00"]
[WhiteElo "2058"]
[BlackElo "2173"]
[PlyCount "54"]
[EventDate "2025.02.17"]
[EventType "team-tourn"]
[EventCountry "CZE"]
[SourceTitle "playchess.com"]
[Source "ChessBase"]
[SourceQuality "1"]
[TimeControl "40/5400+30:1800+30"]

1. d3 g6 2. h4 h5 3. Nf3 Bg7 4. e4 c5 5. Nc3 Nc6 6. Be3 d6 7. d4 cxd4 8. Nxd4 Nf6 9. Be2 Ne5 10. Qd2 Bd7 11. f4 Neg4 12. Bg1 Rc8 13. Nf3 Qa5 14. O-O-O O-O 15. e5 dxe5 16. Nxe5 Be6 17. Qd4 Bh6 18. Nd3 b6 19. Bxg4 Nxg4 20. Qe4 Rc4 21. Qb7 Bg7 22. Qxe7 Rxc3 23. bxc3 Bxc3 24. Rf1 Qxa2 25. Kd1 Qb1+ 26. Nc1 Bf5 27. Ke2 Qb5+ 0-1

[Event "FIDE WSTC Open 65 2025"]
[Site "Prague"]
[Date "2025.02.18"]
[Round "2.43"]
[White "Schulz, Michael"]
[Black "Karnaukh, Anatolij"]
[Result "1/2-1/2"]
[Annotator "NA"]
[ECO "A45"]
[WhiteElo "2115"]
[BlackElo "1983"]
[PlyCount "56"]
[EventDate "2025.02.17"]
[EventType "team-tourn"]
[EventCountry "CZE"]
[SourceTitle "playchess.com"]
[Source "ChessBase"]
[SourceQuality "1"]
[TimeControl "40/5400+30:1800+30"]

1. d4 Nf6 2. Bg5 Ne4 3. Bf4 d5 4. f3 Nf6 5. e4 c5 6. e5 Nfd7 7. c3 e6 8. Be3 Nc6 9. f4 Qb6 10. Qd2 a5 11. a4 cxd4 12. cxd4 Qb4 13. Nc3 Nb6 14. Nf3 Nc4 15. Bxc4 Qxc4 16. Qe2 Qxe2+ 17. Kxe2 Bb4 18. Nb5 O-O 19. Rhc1 Bd7 20. Bd2 Be7 21. Ne1 Rfc8 22. Nd3 b6 23. b3 h5 24. g3 g6 25. h4 Kf8 26. Ke3 Ke8 27. Rc2 Kd8 28. Rac1 Na7 1/2-1/2

[Event "FIDE WSTC Open 65 2025"]
[Site "Prague"]
[Date "2025.02.18"]
[Round "2.44"]
[White "Malienko, Alexander"]
[Black "Raitza, Olaf"]
[Result "1-0"]
[Annotator "NA"]
[ECO "B02"]
[WhiteElo "1911"]
[BlackElo "2037"]
[PlyCount "97"]
[EventDate "2025.02.17"]
[EventType "team-tourn"]
[EventCountry "CZE"]
[SourceTitle "playchess.com"]
[Source "ChessBase"]
[SourceQuality "1"]
[TimeControl "40/5400+30:1800+30"]

1. e4 Nf6 2. Nc3 d5 3. e5 Nfd7 4. Nxd5 Nxe5 5. Ne3 c5 6. b3 Nbc6 7. Bb2 Ng6 8. Nf3 e5 9. Bb5 Bd6 10. Bxc6+ bxc6 11. d3 O-O 12. Qd2 Be6 13. O-O-O f6 14. h4 Nf4 15. h5 Bc7 16. Nh4 Ba5 17. c3 Qd7 18. g3 Nxh5 19. Ba3 Bb6 20. Qe2 g6 21. d4 exd4 22. cxd4 cxd4 23. Bxf8 Rxf8 24. Nc4 Bg4 25. Nxb6 axb6 26. Qc4+ Be6 27. Qxd4 Qxd4 28. Rxd4 Bd5 29. Rg1 Ng7 30. Ng2 Nf5 31. Rd2 Re8 32. g4 Ng7 33. Ne3 Be4 34. Nc4 Rb8 35. Rgd1 Bd5 36. Ne3 Bf3 37. Rd8+ Rxd8 38. Rxd8+ Kf7 39. Rd7+ Kf8 40. a4 h5 41. gxh5 gxh5 42. b4 f5 43. Kd2 f4 44. Nf1 Nf5 45. a5 bxa5 46. bxa5 Ke8 47. Rd3 Be4 48. a6 c5 49. Rb3 1-0

[Event "FIDE WSTC Open 65 2025"]
[Site "Prague"]
[Date "2025.02.18"]
[Round "2.45"]
[White "Fegan, Chris"]
[Black "Knaak, Rainer"]
[Result "1/2-1/2"]
[Annotator "ChessBase"]
[ECO "A01"]
[WhiteElo "1997"]
[BlackElo "2464"]
[PlyCount "73"]
[EventDate "2025.02.17"]
[EventType "team-tourn"]
[EventCountry "CZE"]
[SourceTitle "playchess.com"]
[Source "ChessBase"]
[SourceQuality "1"]
[TimeControl "40/5400+30:1800+30"]

1. b3 e5 2. Bb2 Nc6 3. d3 d5 4. Nf3 f6 5. g3 Be6 6. Bg2 Qd7 7. O-O Bh3 8. e4 Bxg2 9. Kxg2 O-O-O 10. exd5 Qxd5 11. Nc3 Qd7 12. Qe2 h5 13. h4 Nh6 14. Rad1 Nf5 15. Ne4 Be7 16. c3 Qd5 17. Rfe1 Rd7 18. b4 Qxa2 19. b5 Nb8 20. c4 Ba3 21. Rd2 Bxb2 22. Rxb2 Qa3 23. Rd1 a6 24. Qc2 Rhd8 25. Rb3 Qe7 26. bxa6 Nxa6 27. Rdb1 c6 28. c5 Rc7 29. Rb6 Rd5 30. Rc1 Rcd7 31. Nfd2 Kd8 32. Qa4 Rxd3 33. Qxa6 Ke8 34. Qa8+ Kf7 35. Nc4 Kg6 36. Rcb1 Qe6 37. Ncd6 1/2-1/2

[Event "FIDE WSTC Open 65 2025"]
[Site "Prague"]
[Date "2025.02.18"]
[Round "2.46"]
[White "Jussupow, Artur"]
[Black "Hymer, Barry"]
[Result "1-0"]
[Annotator "ChessBase"]
[ECO "A43"]
[WhiteElo "2559"]
[BlackElo "1913"]
[PlyCount "41"]
[EventDate "2025.02.17"]
[EventType "team-tourn"]
[EventCountry "CZE"]
[SourceTitle "playchess.com"]
[Source "ChessBase"]
[SourceQuality "1"]
[TimeControl "40/5400+30:1800+30"]

1. d4 Nf6 2. Nf3 c5 3. d5 b5 4. Bg5 Bb7 5. Bxf6 gxf6 6. e4 f5 7. exf5 Bg7 8. Nc3 Qb6 9. Be2 a6 10. O-O d6 11. a4 c4 12. axb5 axb5 13. Rxa8 Bxa8 14. Ne4 Nd7 15. b3 cxb3 16. cxb3 O-O 17. Qd3 Ne5 18. Nxe5 Bxe5 19. Rd1 e6 20. Qh3 h6 21. f6 1-0

[Event "FIDE WSTC Open 65 2025"]
[Site "Prague"]
[Date "2025.02.18"]
[Round "2.47"]
[White "Kane, Robert"]
[Black "Meister, Jakob"]
[Result "0-1"]
[Annotator "ChessBase"]
[ECO "A05"]
[WhiteElo "1859"]
[BlackElo "2418"]
[PlyCount "102"]
[EventDate "2025.02.17"]
[EventType "team-tourn"]
[EventCountry "CZE"]
[SourceTitle "playchess.com"]
[Source "ChessBase"]
[SourceQuality "1"]
[TimeControl "40/5400+30:1800+30"]

1. Nf3 Nf6 2. g3 c5 3. Bg2 Nc6 4. d3 g6 5. O-O Bg7 6. e4 O-O 7. Nbd2 d6 8. c3 e5 9. a4 Rb8 10. Qe2 a6 11. h3 Re8 12. Kh2 b5 13. Ne1 Qc7 14. Nc2 Bb7 15. Ne3 Ne7 16. Ng4 d5 17. Nxf6+ Bxf6 18. h4 Bg7 19. axb5 axb5 20. exd5 Bxd5 21. Bxd5 Nxd5 22. Qf3 Rbd8 23. Nb3 Rd7 24. Be3 Bf8 25. h5 f5 26. c4 bxc4 27. dxc4 e4 28. Qe2 Nxe3 29. fxe3 Red8 30. Rfd1 Bd6 31. hxg6 hxg6 32. Kg2 Bxg3 33. Rxd7 Rxd7 34. Ra8+ Kg7 35. Nxc5 Qxc5 36. Kxg3 Rd3 37. Ra3 Qd6+ 38. Kh3 Rd2 39. Ra7+ Kf6 40. Ra6 Rxe2 41. Rxd6+ Kg5 42. b4 Rxe3+ 43. Kg2 f4 44. b5 Re2+ 45. Kf1 Rb2 46. b6 Kg4 47. c5 e3 48. c6 Kf3 49. Kg1 Rxb6 50. c7 Rb1+ 51. Kh2 Rc1 0-1

[Event "FIDE WSTC Open 65 2025"]
[Site "Prague"]
[Date "2025.02.18"]
[Round "2.48"]
[White "Koehler, Gerhard"]
[Black "De Winter, Kevin"]
[Result "1/2-1/2"]
[Annotator "ChessBase"]
[ECO "A25"]
[WhiteElo "2215"]
[BlackElo "1808"]
[PlyCount "72"]
[EventDate "2025.02.17"]
[EventType "team-tourn"]
[EventCountry "CZE"]
[SourceTitle "playchess.com"]
[Source "ChessBase"]
[SourceQuality "1"]
[TimeControl "40/5400+30:1800+30"]

1. c4 e5 2. g3 Nc6 3. Bg2 g6 4. Nc3 Bg7 5. e3 Nge7 6. Nge2 O-O 7. O-O d6 8. d3 f5 9. Rb1 a5 10. a3 Bd7 11. b4 axb4 12. axb4 Qc8 13. Qb3 Kh8 14. Bd2 f4 15. exf4 Bh3 16. Nd5 Bxg2 17. Kxg2 exf4 18. Ndxf4 Nf5 19. c5 Ncd4 20. Qc4 Nxe2 21. Nxe2 dxc5 22. bxc5 Qd7 23. Bc3 Qc6+ 24. Qe4 Bxc3 25. Qxc6 bxc6 26. Nxc3 Ra3 27. Ne4 Rxd3 28. Rfd1 Rfd8 29. Rxd3 Rxd3 30. Rb7 Rd7 31. g4 Nd4 32. g5 Ne6 33. Kg3 Kg7 34. h4 h6 35. f3 hxg5 36. hxg5 Rd5 1/2-1/2

[Event "FIDE WSTC Open 65 2025"]
[Site "Prague"]
[Date "2025.02.19"]
[Round "3.1"]
[White "Nunn, John D M"]
[Black "Uddenfeldt, Dan"]
[Result "1-0"]
[Annotator "TA"]
[ECO "B07"]
[WhiteElo "2533"]
[BlackElo "2311"]
[PlyCount "41"]
[EventDate "2025.02.17"]
[EventType "team-tourn"]
[EventCountry "CZE"]
[SourceTitle "playchess.com"]
[Source "ChessBase"]
[SourceQuality "1"]
[TimeControl "40/5400+30:1800+30"]

1. e4 g6 2. d4 d6 3. Nc3 Bg7 4. Be3 Nf6 5. Qd2 c6 6. Bh6 O-O 7. O-O-O b5 8. f3 b4 {[%emt 0:05:34] 8...b4 scores better than 8...Qa5. B07: Pirc Defence: Miscellaneous Systems.} 9. Nb1 Qb6 {[%emt 0:07:32] [#]} (9... Bxh6 $14 10. Qxh6 Nbd7) 10. h4 $146 ({Predecessor:} 10. Bxg7 Kxg7 11. g4 Be6 12. h4 Bxa2 13. h5 a5 14. hxg6 fxg6 15. e5 Ng8 16. Bd3 {1-0 Halama,V-Dusek,J Klatovy op 1995 (9)}) 10... Ba6 {[%emt 0:10:31] White is better.} 11. Ne2 (11. Bxa6 $16 Qxa6 12. Bxg7 Kxg7 13. h5) 11... Nbd7 ({Black should play} 11... Nh5 $1 $14) 12. h5 Qa5 (12... Nxh5 $2 13. Rxh5 Bxh6 (13... gxh5 14. Qg5) (13... Bxe2 $2 14. Bxg7 Nf6 15. Bxf6 $18) 14. Rxh6 $18) (12... Bxh6 $16 13. Qxh6 Rfe8) 13. hxg6 fxg6 14. Bxg7 Kxg7 {[%emt 0:00:10] [#]} 15. Nf4 $1 {[%emt 0:03:49][%cal Be2f4,Bf4d5,Bd5b4][%mdl 32] Bxa6 would now be deadly.} Kf7 $2 (15... Bxf1 16. Ne6+ (16. Rhxf1 Qxa2 17. Qxb4 Kh8 $14) 16... Kg8) 16. Bxa6 Qxa6 17. Qe3 (17. Qxb4 Qxa2 18. b3 Kg8 $16) (17. e5 $142) 17... g5 $2 (17... Qxa2 18. e5 $18) (17... Kg8) 18. Qb3+ $18 d5 19. exd5 cxd5 (19... gxf4 {was necessary.} 20. dxc6+ (20. Qxb4 $2 {perishes.} Nxd5 21. Qe1 N7f6 $19) 20... Kg7) 20. Nxd5 Qe6 21. Nxb4 {[%emt 0:00:23] Weighted Error Value: White=0.25 (precise) /Black=0.88  Mistake:       	White=2     	Black=6      Inaccurate:     	White=2     	---        OK:         	White=3     	Black=1      Strong:       	White=1     	---} 1-0

[Event "FIDE WSTC Open 65 2025"]
[Site "Prague"]
[Date "2025.02.19"]
[Round "3.2"]
[White "Renman, Nils-Gustaf"]
[Black "Flear, Glenn C"]
[Result "1-0"]
[Annotator "RC"]
[ECO "D38"]
[WhiteElo "2306"]
[BlackElo "2384"]
[PlyCount "65"]
[EventDate "2025.02.17"]
[EventType "team-tourn"]
[EventCountry "CZE"]
[SourceTitle "playchess.com"]
[Source "ChessBase"]
[SourceQuality "1"]
[TimeControl "40/5400+30:1800+30"]

1. d4 Nf6 2. c4 e6 3. Nf3 d5 4. Nc3 Bb4 5. cxd5 exd5 6. Bg5 h6 7. Bh4 c5 8. dxc5 Nc6 9. e3 g5 10. Bg3 Ne4 11. Rc1 O-O 12. Bd3 Nxc3 13. bxc3 Bxc5 14. h4 g4 15. Nd4 Re8 16. O-O Bd6 17. Nf5 Bxf5 18. Bxf5 h5 19. Bb1 Ne7 20. Qd3 Ng6 21. Qf5 Qb6 22. Qxh5 Bxg3 23. fxg3 Rxe3 24. Kh2 Rc8 25. Qxg4 Rc4 26. Qg5 Re5 27. Rf5 Qe3 28. Qd8+ Kg7 29. Qf6+ Kh6 30. Qxf7 Rg4 31. Rf3 Qxc1 32. Bxg6 Rxg6 33. Qf8+ 1-0

[Event "FIDE WSTC Open 65 2025"]
[Site "Prague"]
[Date "2025.02.19"]
[Round "3.3"]
[White "Kosten, Anthony C."]
[Black "Wahlbom, Magnus"]
[Result "1/2-1/2"]
[Annotator "RC"]
[ECO "A36"]
[WhiteElo "2372"]
[BlackElo "2109"]
[PlyCount "84"]
[EventDate "2025.02.17"]
[EventType "team-tourn"]
[EventCountry "CZE"]
[SourceTitle "playchess.com"]
[Source "ChessBase"]
[SourceQuality "1"]
[TimeControl "40/5400+30:1800+30"]

1. c4 Nf6 2. g3 g6 3. Bg2 Bg7 4. Nc3 O-O 5. e4 d6 6. Nge2 c5 7. O-O Nc6 8. d3 a6 9. h3 Rb8 10. a4 Ne8 11. Be3 Nc7 12. d4 cxd4 13. Nxd4 Ne6 14. Nde2 Bd7 15. Rb1 Na5 16. b3 b5 17. cxb5 axb5 18. b4 Nc4 19. a5 Nxe3 20. fxe3 Nc7 21. Nd5 Nxd5 22. exd5 Bh6 23. Qd3 e5 24. e4 Qc7 25. Rb3 Rfc8 26. Rc3 Qa7+ 27. Kh2 Rxc3 28. Nxc3 Rc8 29. Qf3 Be8 30. Rb1 Bd2 31. Rb3 Qd4 32. Na2 Rc2 33. Ra3 Qa1 34. Qf6 Rxa2 35. Rxa2 Qxa2 36. Qe7 Bxb4 37. Qxe8+ Kg7 38. Qxb5 Bxa5 39. Qa6 Qa3 40. h4 h5 41. Qf1 Bb6 42. Qf3 Qxf3 1/2-1/2

[Event "FIDE WSTC Open 65 2025"]
[Site "Prague"]
[Date "2025.02.19"]
[Round "3.4"]
[White "Malmdin, Nils-Ake"]
[Black "Large, Peter G"]
[Result "0-1"]
[Annotator "RC"]
[ECO "C46"]
[WhiteElo "2094"]
[BlackElo "2314"]
[PlyCount "100"]
[EventDate "2025.02.17"]
[EventType "team-tourn"]
[EventCountry "CZE"]
[SourceTitle "playchess.com"]
[Source "ChessBase"]
[SourceQuality "1"]
[TimeControl "40/5400+30:1800+30"]

1. e4 e5 2. Nf3 Nc6 3. Nc3 g6 4. d4 exd4 5. Nxd4 Bg7 6. Be3 Nf6 7. Be2 O-O 8. O-O Re8 9. Nxc6 bxc6 10. Bf3 d6 11. Rb1 Nd7 12. Be2 Nf6 13. Bf3 Nd7 14. Be2 Qe7 15. Qd2 Nf6 16. Bg5 Nxe4 17. Nxe4 Qxe4 18. Bf3 Qc4 19. b3 Qa6 20. c4 Bd7 21. Rfe1 Rab8 22. Be3 c5 23. Re2 Bc6 24. Bd5 Qb7 25. Bxc6 Qxc6 26. Rbe1 Re6 27. Bh6 Rxe2 28. Rxe2 Bxh6 29. Qxh6 Re8 30. Qd2 Rxe2 31. Qxe2 a5 32. h4 h5 33. g4 hxg4 34. Qxg4 Qe8 35. h5 Qe1+ 36. Kg2 Qe6 37. Qh4 gxh5 38. Qd8+ Kg7 39. Qxc7 Qg6+ 40. Kf3 Qg4+ 41. Ke3 Qd4+ 42. Kf3 Qd3+ 43. Kg2 h4 44. Qd7 Qe4+ 45. Kh2 Qf3 46. Qxd6 Qxf2+ 47. Kh3 Qf3+ 48. Kxh4 Qf6+ 49. Qxf6+ Kxf6 50. Kg3 Ke5 0-1

[Event "FIDE WSTC Open 65 2025"]
[Site "Prague"]
[Date "2025.02.19"]
[Round "3.5"]
[White "Birnboim, Nathan"]
[Black "Haik, Aldo"]
[Result "1/2-1/2"]
[Annotator "RC"]
[ECO "B30"]
[WhiteElo "2313"]
[BlackElo "2377"]
[PlyCount "219"]
[EventDate "2025.02.17"]
[EventType "team-tourn"]
[EventCountry "CZE"]
[SourceTitle "playchess.com"]
[Source "ChessBase"]
[SourceQuality "1"]
[TimeControl "40/5400+30:1800+30"]

1. e4 c5 2. Nf3 Nc6 3. Nc3 g6 4. Bc4 Bg7 5. O-O d6 6. h3 a6 7. d3 e6 8. Be3 b5 9. Bb3 Nd4 10. Bxd4 cxd4 11. Ne2 Qb6 12. a4 Bb7 13. axb5 axb5 14. Rxa8+ Bxa8 15. Qa1 Bb7 16. Qa2 Ne7 17. Ra1 Nc6 18. Bxe6 fxe6 19. Qxe6+ Ne7 20. Ng5 Rf8 21. Nxh7 Rf7 22. Ng5 Rf6 23. Qg4 Bc8 24. Qg3 Qc5 25. c3 dxc3 26. bxc3 b4 27. d4 Qc4 28. Qe3 b3 29. Rb1 Bd7 30. Nc1 Ba4 31. Qd3 d5 32. exd5 Qxd5 33. Ne4 Rc6 34. Nd2 Qf5 35. Ndxb3 Qxd3 36. Nxd3 Rxc3 37. Ndc5 Bc6 38. Ne6 Bf6 39. Nbc5 Nd5 40. Rb8+ Ke7 41. Rc8 Bd7 42. Ra8 Bxd4 43. Nxd4 Rxc5 44. Ra6 Nf4 45. Kh2 Ne6 46. Nxe6 Bxe6 47. Ra3 Rc2 48. Kg3 Kf6 49. h4 Rb2 50. Rf3+ Bf5 51. Ra3 Rb4 52. f3 Rb2 53. Ra1 Kg7 54. Rc1 Kh6 55. Ra1 Bd3 56. Rd1 Bb5 57. Ra1 Kg7 58. Rd1 Kf6 59. Rd6+ Kf7 60. Rd1 Ke6 61. Re1+ Kf5 62. Rc1 Ke5 63. Re1+ Kd4 64. Rd1+ Bd3 65. Re1 Bf5 66. Rd1+ Ke3 67. Re1+ Kd4 68. Rd1+ Bd3 69. Re1 Ra2 70. Rd1 Re2 71. Ra1 Ke3 72. Rc1 Rb2 73. Re1+ Kd4 74. Ra1 Rd2 75. Re1 Bf5 76. Ra1 Kd3 77. Re1 Ra2 78. Rh1 Ke3 79. Re1+ Kd2 80. Rh1 Bd3 81. Rg1 Ke3 82. Re1+ Be2 83. Rb1 Rc2 84. Ra1 Rd2 85. Rc1 Ra2 86. Re1 Rb2 87. Ra1 Rd2 88. Re1 Rd5 89. Ra1 Rh5 90. Ra4 Bd3 91. Ra7 Re5 92. Ra3 Rb5 93. Ra1 Rc5 94. Re1+ Be2 95. Ra1 Rd5 96. Ra3+ Bd3 97. Ra7 Re5 98. Ra1 Rh5 99. Ra7 g5 100. Re7+ Kd2 101. Kg4 Rxh4+ 102. Kxg5 Rh2 103. g4 Be2 104. Kf4 Rf2 105. Re3 Rg2 106. Re5 Rf2 107. Re3 Rg2 108. Re5 Rf2 109. Re3 Rg2 110. Ke4 1/2-1/2

[Event "FIDE WSTC Open 65 2025"]
[Site "Prague"]
[Date "2025.02.19"]
[Round "3.7"]
[White "Lederman, Leon"]
[Black "Roos, Louis"]
[Result "1/2-1/2"]
[Annotator "RC"]
[ECO "C11"]
[WhiteElo "2198"]
[BlackElo "2312"]
[PlyCount "75"]
[EventDate "2025.02.17"]
[EventType "team-tourn"]
[EventCountry "CZE"]
[SourceTitle "playchess.com"]
[Source "ChessBase"]
[SourceQuality "1"]
[TimeControl "40/5400+30:1800+30"]

1. e4 e6 2. d4 d5 3. Nc3 Nf6 4. e5 Nfd7 5. f4 c5 6. Nf3 a6 7. Be3 Nc6 8. Qd2 b5 9. Nd1 b4 10. Bf2 Be7 11. Bd3 Nxd4 12. Nxd4 cxd4 13. Bxd4 Nc5 14. Qe3 Qc7 15. O-O Bd7 16. Nf2 a5 17. Rfc1 Rb8 18. c3 b3 19. a3 Nxd3 20. Nxd3 Bb5 21. Rf1 g6 22. Rf3 Bxd3 23. Qxd3 a4 24. g4 h5 25. Rh3 Qc4 26. g5 Rc8 27. Qxc4 Rxc4 28. Rd3 Kd7 29. Kf2 Rhc8 30. Ke3 R8c7 31. Rad1 Rb7 32. R3d2 Kc6 33. Rd3 Rb8 34. R3d2 Kb5 35. Kf3 Rb7 36. Ke3 Rbc7 37. Rd3 Rc8 38. Kf3 1/2-1/2

[Event "FIDE WSTC Open 65 2025"]
[Site "Prague"]
[Date "2025.02.19"]
[Round "3.8"]
[White "Giffard, Nicolas"]
[Black "Gal, Moshe"]
[Result "1/2-1/2"]
[Annotator "ChessBase"]
[ECO "A57"]
[WhiteElo "2154"]
[BlackElo "2059"]
[PlyCount "97"]
[EventDate "2025.02.17"]
[EventType "team-tourn"]
[EventCountry "CZE"]
[SourceTitle "playchess.com"]
[Source "ChessBase"]
[SourceQuality "1"]
[TimeControl "40/5400+30:1800+30"]

1. d4 Nf6 2. c4 c5 3. d5 b5 4. Nf3 g6 5. g3 Bg7 6. Bg2 d6 7. O-O b4 8. Nbd2 O-O 9. e4 a5 10. h3 Nbd7 11. Re1 Ne8 12. Qc2 a4 13. Rb1 Ra7 14. Nf1 Nb6 15. Ne3 Ba6 16. b3 Bc8 17. Bb2 e5 18. dxe6 fxe6 19. Bxg7 Nxg7 20. Re2 e5 21. Rd2 Ne6 22. Nxe5 Nd4 23. Rxd4 cxd4 24. Nc6 Qd7 25. Nxd4 axb3 26. axb3 Bb7 27. Qd2 Qe7 28. Re1 Rfa8 29. Qxb4 Ra1 30. Rxa1 Rxa1+ 31. Kh2 Nc8 32. Nd5 Bxd5 33. cxd5 Ra2 34. Qb8 Qe8 35. f3 Rd2 36. Nc6 Kg7 37. Qb4 Ra2 38. f4 Qf7 39. Qd4+ Qf6 40. Qxf6+ Kxf6 41. e5+ Kf7 42. h4 Rd2 43. Kh3 dxe5 44. fxe5 Ne7 45. Nxe7 Kxe7 46. Kh2 Re2 47. e6 Rb2 48. Kh3 Rxb3 49. Kh2 1/2-1/2

[Event "FIDE WSTC Open 65 2025"]
[Site "Prague"]
[Date "2025.02.19"]
[Round "3.9"]
[White "Garcia Palermo, Carlos Horacio"]
[Black "Kiss, Attila"]
[Result "1/2-1/2"]
[Annotator "RC"]
[ECO "E11"]
[WhiteElo "2412"]
[BlackElo "2276"]
[PlyCount "53"]
[EventDate "2025.02.17"]
[EventType "team-tourn"]
[EventCountry "CZE"]
[SourceTitle "playchess.com"]
[Source "ChessBase"]
[SourceQuality "1"]
[TimeControl "40/5400+30:1800+30"]

1. d4 d5 2. c4 e6 3. Nf3 Nf6 4. g3 Bb4+ 5. Bd2 Be7 6. Bg2 Nbd7 7. O-O c6 8. Qb3 a5 9. Bf4 O-O 10. Rc1 h6 11. Nbd2 Nh5 12. e4 Nxf4 13. gxf4 dxe4 14. Nxe4 Nf6 15. Nxf6+ Bxf6 16. c5 Qc7 17. Ne5 Rd8 18. Qe3 Bd7 19. Rc3 Be8 20. Rac1 a4 21. Rc4 Ra5 22. R1c2 Rda8 23. Rb4 Rb5 24. Rcc4 a3 25. b3 Rba5 26. Rb6 R5a7 27. Rc1 1/2-1/2